 Dungeon Crawl Stone Soup version 0.22.0-2-ge58baed0e8 (webtiles) character file.

818 MirrMurr the Ruffian (level 7, -6/62 HPs)
             Began as a Troll Hunter on Aug 12, 2018.
             Killed from afar by Dowan (15 damage)
             ... with a stone arrow
             ... on level 5 of the Dungeon.
             The game lasted 00:08:52 (3147 turns).

MirrMurr the Ruffian (Troll Hunter)                 Turns: 3147, Time: 00:08:52

Health: -6/62      AC:  7    Str: 26    XL:     7   Next: 62%
Magic:  6/6        EV: 10    Int:  7    God:
Gold:   276        SH:  0    Dex: 12    Spells: 4/6 levels left

rFire    . . .     SeeInvis .     - Unarmed
rCold    . . .     Gourm    +   (no shield)
rNeg     . . .     Faith    .   b - +2 robe
rPois    .         Spirit   .   (helmet restricted)
rElec    .         Reflect  .   (no cloak)
rCorr    .         Harm     .   (gloves unavailable)
MR       .....                  (boots unavailable)
Stlth    +.........             a - amulet of rage
HPRegen  0.60/turn              (no ring)
MPRegen  0.10/turn              (no ring)

@: mighty, lethally poisoned (-6 -> -11)
A: large, unfitting armour, claws 3, fast metabolism 3, gourmand, regeneration
1, shaggy fur 1, tough skin 2
a: Evoke Berserk Rage


You were on level 5 of the Dungeon.
You were very full.

You visited 1 branch of the dungeon, and saw 5 of its levels.

You collected 276 gold pieces.

Inventory:

Missiles
 e - 164 stones
 f - 5 large rocks (quivered)
 q - 17 poisoned needles
 r - a throwing net {!f}
Armour
 b - a +2 robe (worn)
Jewellery
 a - an amulet of rage (around neck)
 m - an uncursed ring of protection from magic {unknown}
 n - an uncursed ring of flight {unknown}
 o - an uncursed ring of ice {unknown}
Wands
 d - a wand of flame (36)
 u - a wand of iceblast (10)
Scrolls
 h - a scroll of amnesia
 t - a scroll of enchant weapon {unknown}
 v - a scroll of teleportation {unknown}
Potions
 g - 3 potions of might
 i - a potion of brilliance {unknown}
 j - 2 potions of heal wounds {unknown}
 k - 2 potions of ambrosia {unknown}
 l - 4 potions of lignification
 p - 2 potions of curing {unknown}
Comestibles
 c - 14 rations {!d}
 s - 13 chunks of flesh


   Skills:
 - Level 1.5 Fighting
 - Level 5.0 Throwing
 - Level 1.5 Dodging
 - Level 0.3 Stealth
 * Level 7.6 Unarmed Combat


You had 4 spell levels left.
You knew the following spells:

 Your Spells              Type           Power        Failure   Level  Hunger
a - Blink                 Tloc           N/A          56%         2    ###....

Your spell library contained the following spells:

 Spells                   Type           Power        Failure   Level  Hunger
 Magic Dart               Conj           #...         43%         1    ##.....
 Conjure Flame            Conj/Fire      #.......     80%         3    ####...
 Slow                     Hex            #.......     56%         2    ###....
 Mephitic Cloud           Conj/Pois/Air  #.......     80%         3    ####...
 Call Imp                 Summ           #.......     56%         2    ###....


Dungeon Overview and Level Annotations

Branches:
Dungeon (5/15)
 Temple: D:4-7

Altars:
Dithmenos
Makhleb
Trog

Shops:
D:5 %

Annotations:
D:5 Dowan


Innate Abilities, Weirdness & Mutations

You are too large for most types of armour.
You have claws for hands.
Your metabolism is lightning-fast.
You like to eat raw meat.
Your natural rate of healing is unusually fast.
You are covered in fur. (AC +1)
You have very tough skin. (AC +2)


Message History

You feel sick.
Dowan seems to find hidden reserves of power!
The centaur hits you.
You barely miss the centaur.
The centaur is moderately wounded.
You feel sick.
Dowan says, "How can I live without her?"
Dowan mumbles some strange words.
Dowan blinks!
The centaur hits you.
You claw the centaur!
The centaur is almost dead.
You feel sick. The centaur hits you!
* * * LOW HITPOINT WARNING * * *
You claw the centaur!
You kill the centaur!
You feel sick.
You feel sick. Dowan casts a spell at you. The stone arrow hits you!
You die...

### #.# #.#
##...##.#### .#
...ce.e....# .# #.#
#.# #e# #.#
#e###################
#...@................
#####################


You could see Dowan.

Vanquished Creatures
  Duvessa (D:5)
  2 ogres
  A centaur (D:5)
  A crimson imp (D:5)
  A quasit (D:5)
  A hound (D:4)
  2 iguanas
  Terence (D:2)
  An orc wizard (D:4)
  2 worker ants (D:5)
  A hound skeleton (D:5)
  Robin (D:4)
  6 adders
  A shadow imp (D:5)
  An ooze (D:2)
  2 worms
  2 dart slugs
  9 leopard geckos
  16 orcs
  10 bats
  3 giant cockroaches
  18 goblins
  9 hobgoblins
  3 jackals (D:4)
  7 kobolds
  A quokka (D:4)
  4 frilled lizards
  6 rats
113 creatures vanquished.

Notes
Turn   | Place    | Note
-------+----------+-------------------------------------------
     0 | D:1      | MirrMurr the Troll Hunter began the quest for the Orb.
     0 | D:1      | Reached XP level 1. HP: 19/19 MP: 0/0
    83 | D:1      | Reached skill level 1 in Unarmed Combat
   224 | D:1      | Reached XP level 2. HP: 27/27 MP: 1/1
   503 | D:1      | Reached skill level 2 in Unarmed Combat
   623 | D:1      | Reached XP level 3. HP: 32/33 MP: 2/2
  1159 | D:2      | Reached skill level 3 in Unarmed Combat
  1159 | D:2      | Reached XP level 4. HP: 41/41 MP: 3/3
  1208 | D:2      | Noticed Terence
  1219 | D:2      | Killed Terence
  1722 | D:3      | Learned a level 2 spell: Blink
  2094 | D:4      | Noticed an ogre
  2095 | D:4      | Killed an ogre
  2095 | D:4      | Reached skill level 4 in Unarmed Combat
  2095 | D:4      | Reached XP level 5. HP: 48/48 MP: 4/4
  2249 | D:4      | Noticed Robin
  2258 | D:4      | Killed Robin
  2258 | D:4      | Reached XP level 6. HP: 51/55 MP: 5/5
  2332 | D:4      | Reached skill level 5 in Unarmed Combat
  2348 | D:4      | Reached skill level 5 in Throwing
  2655 | D:5      | Entered Level 5 of the Dungeon
  2664 | D:5      | Found Kaulifau's Food Emporium.
  2763 | D:5      | Found a bloodstained altar of Trog.
  2764 | D:5      | Reached skill level 6 in Unarmed Combat
  2826 | D:5      | Found a burning altar of Makhleb.
  2838 | D:5      | Found a shadowy altar of Dithmenos.
  2926 | D:5      | Reached XP level 7. HP: 60/62 MP: 6/6
  3123 | D:5      | Noticed Duvessa
  3123 | D:5      | Noticed Dowan
  3141 | D:5      | Killed Duvessa
  3141 | D:5      | Reached skill level 7 in Unarmed Combat
  3147 | D:5      | Killed from afar by Dowan

Skill      XL: |  1  2  3  4  5  6  7 |
---------------+----------------------+-----
Unarmed Combat | 1 2 3 4 6 7 |  7.6
Throwing       | 4 5 |  5.0
Fighting       | |  1.5
Dodging        | |  1.5
Stealth        | |  0.3

Action                   |  1- 3 |  4- 6 |  7- 9 || total
-------------------------+-------+-------+-------++-------
Melee: Unarmed           |    97 |   193 |    33 ||   323
       Punch             |     1 |     2 |     1 ||     4
Throw: Stone             |     3 |       |       ||     3
       Throwing net      |       |     2 |       ||     2
       Large rock        |       |     1 |       ||     1
  Use: Scroll            |       |     7 |       ||     7
       Potion            |       |       |     1 ||     1
 Stab: Sleeping          |       |     3 |       ||     3
       Held in net/web   |       |     1 |       ||     1
  Eat: Chunk             |    16 |    16 |     2 ||    34
Armor: Robe              |    41 |    74 |     5 ||   120
Dodge: Dodged            |    42 |   107 |    12 ||   161
